 Dungeon Crawl Stone Soup version 0.19.1 (webtiles) character file.

3517 Nakatomy the Archer (level 9, -3/82 HPs)
             Began as a Centaur Hunter on Dec 27, 2016.
             Was an Elder of Okawaru.
             Slain by a killer bee (4 damage)
             ... on level 6 of the Dungeon.
             The game lasted 00:26:20 (10634 turns).

Nakatomy the Archer (Centaur Hunter)               Turns: 10634, Time: 00:26:21

Health: -3/82      AC: 12    Str: 14    XL:     9   Next: 81%
Magic:  9/9        EV:  2    Int: 10    God:    Okawaru [****..]
Gold:   279        SH:  0    Dex: 14    Spells: 0 memorised, 8 levels left

rFire  + + .     SeeInvis .     a - +1 shortbow
rCold  + + .     Gourm    .     M - +0 plate armour
rNeg   . . .     Faith    .     (shield currently unavailable)
rPois  +         Spirit   .     m - +0 helmet
rElec  +         Reflect  .     v - +0 cloak
rCorr  +         Harm     +     (no gloves)
MR     .....                    (no barding)
Stlth  ..........               c - amulet of harm
                                E - ring of protection from cold
                                n - ring of protection from fire

@: resistant, very quick
A: hooves 3, deformed body, speed 2, tough skin 3
a: Heroism, Renounce Religion


You were on level 6 of the Dungeon.
You worshipped Okawaru.
Okawaru was greatly pleased with you.
You were not hungry.

You visited 2 branches of the dungeon, and saw 8 of its levels.

You collected 279 gold pieces.

Inventory:

Hand Weapons
 a - a +1 shortbow (weapon)
 b - a +6 trident
Missiles
 d - 87 arrows (quivered)
Armour
 m - a +0 helmet (worn)
 v - a +0 cloak (worn)
 M - a +0 plate armour (worn)
Jewellery
 c - an amulet of harm (around neck)
 n - a ring of protection from fire (left hand)
 E - a ring of protection from cold (right hand)
 H - an uncursed ring of protection from magic {unknown}
Wands
 p - a wand of lightning (0/15)
 B - a wand of random effects (17/48)
Scrolls
 e - 3 scrolls of remove curse
 o - a scroll of recharging {unknown}
 q - a scroll of vulnerability {unknown}
 u - a scroll of enchant armour {unknown}
 w - a scroll of fear {unknown}
 x - 3 scrolls of magic mapping {unknown}
 z - a scroll of immolation {unknown}
 A - 3 scrolls of fog {unknown}
 D - 3 scrolls of noise {unknown}
 G - a scroll of enchant weapon {unknown}
 I - 6 scrolls of identify
Potions
 h - a potion of haste {unknown}
 j - a potion of resistance
 k - a potion of magic {unknown}
 s - a potion of beneficial mutation {unknown}
 F - a potion of cure mutation {unknown}
 J - 2 potions of agility
Books
 y - a book of Cantrips

   Spells                             Type                      Level
   a - Confusing Touch                Hexes                        1
   b - Animate Skeleton               Necromancy                   1
   c - Summon Small Mammal            Summoning                    1
   d - Apportation                    Translocation                1
 C - a book of Air

   Spells                             Type                      Level
   a - Shock                          Conjuration/Air              1
   b - Swiftness                      Charms/Air                   2
   c - Repel Missiles                 Charms/Air                   2
   d - Static Discharge               Conjuration/Air              3
   e - Lightning Bolt                 Conjuration/Air              5
Comestibles
 f - 6 bread rations
 g - a beef jerky
 i - 2 slices of pizza
 l - 2 royal jellies
 t - 4 meat rations
 K - 2 chunks of flesh


   Skills:
 + Level 8.4 Fighting
 + Level 4.3 Polearms
 - Level 12.5 Bows
 + Level 3.7 Armour
 - Level 1.3 Dodging
 - Level 0.4 Stealth


You had 8 spell levels left.
You didn't know any spells.

Dungeon Overview and Level Annotations

Branches:
Dungeon (7/15)             Temple (1/1) D:5

Altars:
Ashenzari
Cheibriados
Dithmenos
Elyvilon
Fedhas
Gozag
Hepliaklqana
Kikubaaqudgha
Makhleb
Nemelex Xobeh
Okawaru
Qazlal
Ru
Sif Muna
Trog
Uskayaw
Xom
Yredelemnul
Zin
The Shining One

Shops:
D:4 %


Innate Abilities, Weirdness & Mutations

You have hooves in place of feet.
Armour fits poorly on your strangely shaped body.
You cover ground very quickly.
You have extremely tough skin. (AC +3)


Message History

Press: ? - help, Shift-Dir - straight line, f/p - killer bee
Aim: a killer bee (lightly wounded)
You shoot an arrow. The arrow hits the killer bee.
The killer bee is lightly wounded.
The killer bee stings you.
* * * LOW HITPOINT WARNING * * *
The killer bee barely misses you.
Okay, then.
Unknown command.
Evoke which item? (* to show all) (? for menu, Esc to quit)
Zapping:
B - a wand of random effects {zapped: 2} (will waste charges)
Press: ? - help, Shift-Dir - straight line, f/p - killer bee
Aim: a killer bee (lightly wounded)
You hear a mighty clap of thunder!
The bolt of lightning hits the killer bee.
The killer bee is almost dead.
Evoking this partially-identified wand wasted a few charges.
The killer bee stings you but does no damage.
The killer bee stings you.
You die...

#.##########.#
########.# #######.#
#........# #.......#
#.#####..####.##########
#.#...#..#..............
#.#.#.#..#.##.##########
#.#.#.#..#.#...†........
#.#.#.#..#.#############
#.#.#..@..=.............
#.#.#..y................
#.#.#.#..............###
#.#.#.#.##########......
#...#.#.################
###....)(......)....#...
#.#.#.###########[#.##
#.#.#(................
#.#.##########.##.#...


You could see a killer bee.

Vanquished Creatures
  The ghost of M4edhros the Covert, a novice OpAr (D:5)
  A wyvern (D:7)
  A water moccasin (D:6)
  2 black bears
  2 ice beasts
  2 orc warriors (D:6)
  3 sky beasts
  2 ogres
  2 phantoms
  A centaur (D:7)
  A big kobold (D:7)
  3 bullfrogs
  A gnoll sergeant (D:6)
  A scorpion (D:7)
  3 killer bees (D:7)
  3 wights (D:6)
  A howler monkey (D:6)
  A centaur zombie (D:5)
  3 crimson imps (D:5)
  4 hounds
  An orc priest (D:5)
  10 orc wizards
  2 centaur skeletons
  6 iguanas
  3 worker ants
  A hound zombie (D:5)
  A hound skeleton (D:4)
  A howler monkey zombie (D:6)
  A worker ant zombie (D:6)
  4 gnolls
  6 adders
  An ooze (D:1)
  An adder skeleton (D:6)
  5 worms
  2 dart slugs
  3 leopard geckos
  19 orcs
  7 bats
  8 giant cockroaches
  7 goblins
  12 hobgoblins
  5 jackals (D:2)
  7 kobolds
  7 quokkas
  4 ball pythons
  A leopard gecko skeleton (D:4)
  A leopard gecko zombie (D:6)
  A quokka zombie (D:5)
  9 rats
174 creatures vanquished.

Notes
Turn   | Place    | Note
-------+----------+-------------------------------------------
     0 | D:1      | Nakatomy the Centaur Hunter began the quest for the Orb.
     0 | D:1      | Reached XP level 1. HP: 17/17 MP: 1/1
    73 | D:1      | Reached XP level 2. HP: 18/25 MP: 2/2
   824 | D:1      | Reached skill level 6 in Bows
   824 | D:1      | Reached XP level 3. HP: 24/30 MP: 3/3
  1677 | D:2      | Reached XP level 4. HP: 37/38 MP: 4/4
  2134 | D:2      | Found an iron altar of Okawaru.
  2160 | D:2      | Found a hide-covered altar of Uskayaw.
  2360 | D:2      | Became a worshipper of Warmaster Okawaru
  2757 | D:3      | Reached skill level 7 in Bows
  3133 | D:3      | Reached XP level 5. HP: 46/46 MP: 5/5
  4291 | D:4      | Found Oduo's Food Boutique.
  4379 | D:4      | You fall through a shaft for 2 floors!
  4383 | D:6      | Reached skill level 8 in Bows
  4500 | D:6      | Noticed an orc warrior
  4539 | D:6      | Reached XP level 6. HP: 40/52 MP: 4/6
  4556 | D:6      | Reached * piety under Okawaru
  4698 | D:6      | Killed an orc warrior
  4698 | D:6      | Reached skill level 9 in Bows
  4844 | D:5      | Entered Level 5 of the Dungeon
  5000 | D:5      | Noticed a sky beast
  5031 | D:5      | Reached XP level 7. HP: 59/60 MP: 5/7
  5111 | D:5      | Reached skill level 5 in Fighting
  5584 | D:5      | Reached skill level 10 in Bows
  5931 | D:5      | Found a staircase to the Ecumenical Temple.
  6070 | Temple   | Entered the Ecumenical Temple
  6195 | D:5      | Noticed M4edhros's ghost (novice OpAr)
  6583 | D:5      | Killed M4edhros's ghost
  6583 | D:5      | Reached ** piety under Okawaru
  6583 | D:5      | Reached skill level 11 in Bows
  6583 | D:5      | Reached XP level 8. HP: 61/70 MP: 6/8
  6778 | D:5      | Noticed a hill giant
  6799 | D:5      | Found a burning altar of Makhleb.
  6802 | D:5      | Found a sacrificial altar of Ru.
  6804 | D:5      | Found a shadowy altar of Dithmenos.
  6901 | D:5      | Reached skill level 12 in Bows
  7298 | D:4      | Found a basalt altar of Yredelemnul.
  8073 | D:6      | Reached *** piety under Okawaru
  8158 | D:6      | Reached skill level 1 in Polearms
  8265 | D:6      | Reached skill level 1 in Armour
  8439 | D:6      | Reached XP level 9. HP: 54/79 MP: 9/9
  9817 | D:7      | Received a gift from Okawaru
 10357 | D:7      | Reached **** piety under Okawaru
 10613 | D:7      | HP: 3/82 [killer bee (3)]
 10633 | D:6      | HP: 1/82 [killer bee (7)]
 10634 | D:6      | Slain by a killer bee

Skill      XL: |  1  2  3  4  5  6  7  8  9 |
---------------+----------------------------+-----
Bows           | 6 7 8 9 11 12 | 12.5
Fighting       | 3 4 6 7 8 |  8.4
Polearms       | 1 4 |  4.3
Armour         | 1 3 |  3.7
Dodging        | |  1.3
Stealth        | |  0.4

Action                   |  1- 3 |  4- 6 |  7- 9 || total
-------------------------+-------+-------+-------++-------
Melee: Short sword       |   125 |   168 |    97 ||   390
       Kick              |    27 |    39 |    55 ||   121
       Trident           |       |       |   174 ||   174
       Shortbow          |       |       |     2 ||     2
 Fire: Shortbow          |    21 |   126 |   313 ||   460
Evoke: Wand              |       |       |     4 ||     4
  Use: Scroll            |       |     2 |     1 ||     3
       Potion            |       |       |     4 ||     4
  Eat: Chunk             |     2 |     8 |    15 ||    25
Armor: Leather armour    |    29 |    53 |    64 ||   146
       Plate armour      |       |       |   154 ||   154
Dodge: Dodged            |    67 |   143 |   150 ||   360
